 Dungeon Crawl Stone Soup version 0.28.0-53-g5a82cb258f (webtiles) character file.

Game seed: 10215636294897677044

172 Sin92 the Skirmisher (level 5, -3/41 HPs)
             Began as a Demonspawn Fighter on July 26, 2022.
             Slain by a water moccasin (8 damage)
             ... on level 4 of the Dungeon.
             The game lasted 00:03:45 (4217 turns).

Sin92 the Skirmisher (Demonspawn Fighter)           Turns: 4217, Time: 00:03:46

Health: -3/41      AC:  7    Str: 16 (19) XL:     5   Next: 27%
Magic:  5/5        EV:  9    Int:  6 (9)  God:
Gold:   140        SH:  4    Dex: 10 (12) Spells: 4/4 levels left

rFire   + . .      SeeInvis .   a - +1 war axe
rCold   + . .      Faith    .   c - +0 buckler
rNeg    . . .      Spirit   .   b - +1 scale mail
rPois   +          Reflect  .   (no helmet)
rElec   +          Harm     .   m - scarf {repulsion}
rCorr   +          Rampage  .   (no gloves)
Will    .....                   (no boots)
Stlth   ..........              (no amulet)
HPRegen 0.13/turn               (no ring)
MPRegen 0.09/turn               (no ring)

@: mighty, resistant, repel missiles
A: demonic magic 1, demonic touch 1
a: no special abilities


You were on level 4 of the Dungeon.
You visited 1 branch of the dungeon, and saw 4 of its levels.

You collected 140 gold pieces.

Inventory:

Hand Weapons
 a - a +1 war axe (weapon)
 e - a +2 trident of flaming
Armour
 b - a +1 scale mail (worn)
 c - a +0 buckler (worn)
 m - a scarf of repulsion (worn)
Jewellery
 h - a ring of fire
 q - a ring of wizardry
Scrolls
 k - a scroll of vulnerability
 n - a scroll of amnesia
 t - 3 scrolls of identify
Potions
 d - a potion of might
 g - a potion of haste
 i - a potion of degeneration
 j - a potion of heal wounds {unknown}


   Skills:
 + Level 3.6 Fighting
 * Level 3.1 Axes
 + Level 3.4 Armour
 + Level 1.5 Dodging
 + Level 3.3 Shields


You had 4 spell levels left.
You didn't know any spells.
Your spell library contained the following spells:

 Spells                   Type           Power      Damage    Failure   Level
 Dazzling Flash           Conj/Hex       0%         N/A       100%        3
 Iskenderun's Mystic Bla  Conj/Tloc      0%         2d3       100%        4
 Iskenderun's Battlesphe  Conj           0%         2d6       100%        5
 Iron Shot                Conj/Erth      0%         9d1       100%        6
 Starburst                Conj/Fire      0%         6d3       100%        6
 Spellforged Servitor     Conj/Summ      0%         N/A       100%        7


Dungeon Overview and Level Annotations

Branches:
Dungeon (4/15)
 Temple: D:4-7

Altars:
Wu Jian

Annotations:
D:4 Grinder


Innate Abilities, Weirdness & Mutations

Spells you cast may paralyse adjacent enemies.
Your touch may inflict minor irresistible damage on your foes.


Message History

Okay, then.
You feel very mighty all of a sudden.
The water moccasin bites you but does no damage.
You feel protected.
You block the water moccasin's attack. x2
You slash the water moccasin!
The water moccasin is heavily wounded.
The water moccasin closely misses you.
You barely miss the water moccasin.
The water moccasin is heavily wounded.
The water moccasin bites you.
* * * LOW HITPOINT WARNING * * *
The water moccasin closely misses you.
You barely miss the water moccasin.
The water moccasin is heavily wounded.
The water moccasin barely misses you. The water moccasin bites you.
* * * LOW HITPOINT WARNING * * *
You closely miss the water moccasin.
The water moccasin is heavily wounded.
The water moccasin bites you but does no damage.
The water moccasin misses you.
You closely miss the water moccasin.
The water moccasin is heavily wounded.
You block the water moccasin's attack.
The water moccasin bites you but does no damage.
You miss the water moccasin.
The water moccasin is heavily wounded.
The water moccasin bites you.
* * * LOW HITPOINT WARNING * * *
You block the water moccasin's attack.
Grinder says, "My boss said I was rubbish.
His entrails said otherwise."
You miss the water moccasin.
The water moccasin is heavily wounded.
The water moccasin bites you but does no damage. x2
You closely miss the water moccasin.
The water moccasin is heavily wounded.
The water moccasin bites you.
* * * LOW HITPOINT WARNING * * *
The water moccasin bites you!
You die...

..# ##....# #.# ..<....#
+##### #.# # .......#
......#####.##.# .......#
......(....... .##....#
.!.........#####.##....####
.................##........
##.......#....###....###
#.......#...@Sg.........
##...######..#5.........
#####...######..#..........
#...#...#...##..#..........
#.<.#.⌠.#.>.#####..........
#...#...#...# ##.........
###.##...##.#######.........
.#...........#...##.....)..
.......8.......>.#


You could see Grinder, a water moccasin and a goblin.

Vanquished Creatures
  A bullfrog skeleton (D:3)
  2 orc wizards (D:3)
  An adder (D:3)
  3 worms
  5 dart slugs
  5 orcs (D:3)
  3 bats
  3 endoplasms
  3 giant cockroaches
  6 goblins
  7 hobgoblins
  3 kobolds
  4 quokkas
  6 ball pythons
  2 frilled lizards
  8 rats
62 creatures vanquished.

Vanquished Creatures (others)
  3 plants (D:2)
3 creatures vanquished.

Grand Total: 65 creatures vanquished

Notes
Turn   | Place    | Note
-------+----------+-------------------------------------------
     0 | D:1      | Sin92 the Demonspawn Fighter began the quest for the Orb.
     0 | D:1      | Reached XP level 1. HP: 18/18 MP: 1/1
    83 | D:1      | Gained mutation: Your touch may inflict minor irresistible
                  | damage on your foes. [demonic ancestry]
    83 | D:1      | Reached XP level 2. HP: 24/24 MP: 2/2
   295 | D:1      | Found a faded altar of an unknown god.
   966 | D:1      | Gained mutation: Spells you cast may paralyse adjacent
                  | enemies. [demonic ancestry]
   966 | D:1      | Reached XP level 3. HP: 23/29 MP: 3/3
  1839 | D:2      | Reached skill level 1 in Dodging
  2594 | D:3      | Reached XP level 4. HP: 24/35 MP: 4/4
  2888 | D:3      | Found an ornate altar of the Wu Jian Council.
  3233 | D:3      | Reached XP level 5. HP: 40/41 MP: 5/5
  3394 | D:3      | Noticed an ogre
  4198 | D:4      | Noticed a water moccasin
  4201 | D:4      | Noticed Grinder
  4217 | D:4      | Slain by a water moccasin

Illustrated notes

Levels and vault maps discovered:
D:1:      dpeg_arrival_rhombi, layout_basic, chequers_ecumenical_altar_island
D:2:      layout_loops_cross, guppyfry_early_lair_pool
D:3:      minmay_razor_zed, layout_loops_ring, marbit_many_paths, minivault_23,
          hangedman_decor_points, dk_vineyard_1, minmay_hedge_maze
D:4:      layout_basic, overflow_temple_1_default, serial_glass,
          glass_columns_c, glass_columns_a, nicolae_elevator_lobby_plus,
          uniq_grinder

Skill      XL: |  1  2  3  4 |
---------------+-------------+-----
Axes           | 2 3 |  3.1
Armour         | 3 |  3.4
Shields        | 3 |  3.3
Dodging        | 1 |  1.5
Fighting       | |  3.6

Action                   |  1- 3 |  4- 6 || total
-------------------------+-------+-------++-------
Melee: War axe           |   133 |    71 ||   204
  Use: Scroll            |     3 |     6 ||     9
       Potion            |       |     9 ||     9
Armor: Scale mail        |    60 |    53 ||   113
Dodge: Dodged            |    61 |    30 ||    91
       Repelled          |     1 |       ||     1
Block: Buckler           |    23 |    15 ||    38
